 Dungeon Crawl Stone Soup version 0.30-a0-738-g116ff8c4af (webtiles) character file.

Game seed: 11171936938551723400

288 Leeroy the Slasher (level 6, -1/30 HPs)
             Began as a Vine Stalker Warper on Feb 3, 2023.
             Succumbed to an orc's poison
             ... on level 4 of the Dungeon.
             The game lasted 00:02:56 (2801 turns).

Leeroy the Slasher (Vine Stalker Warper)            Turns: 2801, Time: 00:02:57

Health: -1/30      AC: 11    Str: 13    XL:     6   Next: 31%
Magic:  9/10       EV:  9    Int: 13    God:
Gold:   100        SH:  0    Dex: 16    Spells: 9/9 levels left

rFire   x . .      SeeInvis .    a - +0 falchion
rCold   + + .      Faith    .    (no shield)
rNeg    . . .      Spirit   +    w - +0 ice dragon scales
rPois   .          Reflect  .    k - +0 helmet
rElec   .          Harm     .    (no cloak)
rCorr   .          Rampage  .    l - +0 pair of gloves
Will    .....                    (no boots) Stlth
                                 (no amulet)
HPRegen 1.05/turn                (no ring)
MPRegen 0.12/turn                (no ring)

@: mighty, lethally poisoned (-1 -> -18), attractive, hasted, very quick
A: fangs 2, regeneration 1, magic shield, antimagic bite, no potion heal 2
a: no special abilities


You were on level 4 of the Dungeon.
You visited 1 branch of the dungeon, and saw 4 of its levels.

You collected 100 gold pieces.

Inventory:

Hand Weapons
 a - a +0 falchion (weapon)
Missiles
 d - 7 boomerangs of dispersal (quivered)
 f - 10 boomerangs
Armour
 b - a +0 leather armour
 k - a +0 helmet (worn)
 l - a +0 pair of gloves (worn)
 w - +0 ice dragon scales (worn)
Wands
 n - a wand of flame (19)
Scrolls
 c - a scroll of blinking
 e - 2 scrolls of summoning {unknown}
 g - 3 scrolls of noise {unknown}
 i - a scroll of brand weapon {unknown}
 j - 2 scrolls of fog {unknown}
 o - 5 scrolls of identify {unknown}
 q - 2 scrolls of fear {unknown}
 t - a scroll of poison {unknown}
Potions
 m - a potion of curing {unknown}
 p - a potion of degeneration {unknown}
 r - a potion of heal wounds {unknown}
 s - a potion of lignification {unknown}
 u - a potion of haste
 v - a potion of flight {unknown}
 x - a potion of magic {unknown}
 z - a potion of resistance {unknown}
 A - a potion of attraction


   Skills:
 - Level 1.7 Fighting
 + Level 4.8 Long Blades
 - Level 0.8 Throwing
 - Level 0.7 Armour
 * Level 3.3 Dodging
 - Level 2.1 Spellcasting
 - Level 3.0 Translocations


You had 9 spell levels left.
You didn't know any spells.
Your spell library contained the following spells:

 Spells                   Type           Power      Damage    Failure   Level
 Blink                    Tloc           18%        N/A       58%         2
 Lesser Beckoning         Tloc           18%        N/A       58%         2
 Teleport Other           Tloc           9%         N/A       83%         3
 Static Discharge         Conj/Air       2%         2-3/arc   95%         2
 Vhi's Electric Charge    Tloc/Air       10%        N/A       95%         3
 Manifold Assault         Tloc           9%         N/A       99%         4
 Arcjolt                  Conj/Air       0%         1d10      100%        5
 Lightning Bolt           Conj/Air       0%         1d11      100%        5


Dungeon Overview and Level Annotations

Branches:
Dungeon (4/15)
 Temple: D:4-7

Altars:


Innate Abilities, Weirdness & Mutations

You have extremely sharp teeth.
Your natural rate of healing is unusually fast.
When hurt, damage is shared between your health and your magic reserves.
Your bite disrupts and absorbs the magic of your enemies.
Potions cannot restore your health.


Message History

You hit the orc. You bite the orc. You drain its power.
You feel invigorated.
The orc is heavily wounded.
You feel sick. The orc hits you but does no damage.
You are more poisoned.
You hit the orc but do no damage. Your bite misses the orc.
The orc is heavily wounded.
You feel very sick. The orc hits you but does no damage.
You are more poisoned.
You hit the orc but do no damage. Your bite misses the orc.
The orc is heavily wounded.
You feel very sick. The orc hits you but does no damage.
You are more poisoned.
You hit the orc but do no damage. You bite the orc, but do no damage.
The orc is heavily wounded.
You feel very sick.
The orc hits you with a +1 dagger of venom.
You are lethally poisoned!
You closely miss the orc. You bite the orc, but do no damage.
The orc is heavily wounded.
You feel extremely sick. The orc hits you but does no damage.
You are more poisoned.
You are too injured to fight recklessly!
You are too injured to fight recklessly!
You are too injured to fight recklessly!
It was a potion of haste.
You feel yourself speed up.
* * * LOW HITPOINT WARNING * * *
You feel extremely sick. The orc misses you.
It was a potion of attraction.
You feel attractive to monsters.
* * * LOW HITPOINT WARNING * * *
You feel very sick.
The orc hits you with a +1 dagger of venom.
You are more poisoned.
It was a potion of might.
You feel very mighty all of a sudden.
You die...

#..###....## ##.#.. ##.#
##.##.###.##.# #.#
#.###.......#
.######.####.# ##.#....#
.........)...# ##.#...##
#######.########........
#.# #..........
#.######.#........
#@................
#o#######.###...## #.#
#.# #...# #.# #.# ##.##
### #.# #.# #.# ... ..#
#.# #.# #.# ### #.####.#
#.# #...##.# ## ##.##
###.##.#


You could see an orc.

Vanquished Creatures
  A bullfrog (D:4)
  An iguana (D:3)
  11 adders
  A gnoll (D:3)
  2 worms
  6 dart slugs
  8 ball pythons
  5 endoplasms
  3 giant cockroaches
  2 goblins
  6 hobgoblins
  7 jackals
  3 quokkas (D:3)
  9 bats
  4 frilled lizards
  3 kobolds
  4 rats
76 creatures vanquished.

Vanquished Creatures (others)
  A withered plant (D:1)
1 creature vanquished.

Grand Total: 77 creatures vanquished

Notes
Turn   | Place    | Note
-------+----------+-------------------------------------------
     0 | D:1      | Leeroy the Vine Stalker Warper began the quest for the Orb.
     0 | D:1      | Reached XP level 1. HP: 11/11 MP: 4/4
    80 | D:1      | Reached skill level 2 in Long Blades
   149 | D:1      | Reached XP level 2. HP: 12/15 MP: 4/6
   276 | D:1      | Found a faded altar of an unknown god.
   493 | D:1      | Reached skill level 3 in Long Blades
   503 | D:1      | Reached XP level 3. HP: 13/18 MP: 4/7
   878 | D:2      | Gained mutation: Your natural rate of healing is unusually
                  | fast. [Vine Stalker growth]
   878 | D:2      | Reached XP level 4. HP: 23/23 MP: 8/8
  1200 | D:2      | Reached skill level 4 in Long Blades
  1713 | D:3      | Reached XP level 5. HP: 26/26 MP: 9/9
  2689 | D:4      | Reached XP level 6. HP: 30/30 MP: 10/10
  2801 | D:4      | Succumbed to an orc's poison

Illustrated notes

Levels and vault maps discovered:
D:1:      ncdulo_lavacross, layout_rooms, ebering_ecumenical_altar_petrified,
          kennysheep_minor_cross, kennysheep_flooded_box,
          hangedman_abyss_or_decor_lesser_grid, nicolae_wormholes
D:2:      layout_basic, columned_hall_lemuel, minmay_tetromino_l2
D:3:      minmay_recursive_quarters, layout_basic
D:4:      layout_loops_ring, lexackson_kobold_supper

Skill      XL: |  1  2  3  4  5 |
---------------+----------------+-----
Long Blades    | 2 3 4 |  4.8
Dodging        | 2 3 |  3.3
Fighting       | |  1.7
Throwing       | |  0.8
Armour         | |  0.7
Spellcasting   | |  2.1
Translocations | |  3.0

Action                     |  1- 3 |  4- 6 || total
---------------------------+-------+-------++-------
  Melee: Falchion          |    82 |   167 ||   249
         Bite              |    16 |    48 ||    64
         Punch             |     1 |       ||     1
    Use: Potion            |       |     3 ||     3
 Armour: Leather armour    |    24 |    68 ||    92
         Ice dragon scales |       |    28 ||    28
  Dodge: Dodged            |    52 |   158 ||   210

Table legend: (Time is in decaauts)
 A = Elapsed time spent in this place.
 B = Non-inter-level travel time spent in this place.
 C = Inter-level travel time spent in this place.
 D = Time resting spent in this place.
 E = Time spent auto-exploring this place.
 F = Levels seen in this place.
 G = Mean time per level.
                   A        B        C        D        E       F      G
               +--------+--------+--------+--------+--------+-----+--------+
         Total |   2829 |   2725 |    104 |      0 |   2160 |   4 |  707.2 |
       Dungeon |   2829 |   2725 |    104 |      0 |   2160 |   4 |  707.2 |
               +--------+--------+--------+--------+--------+-----+--------+

Top non-repeatable levels by time:
     D:3: 1047 daAuts
     D:2: 918 daAuts
     D:1: 676 daAuts
     D:4: 187 daAuts
